 Dungeon Crawl Stone Soup version 0.31-a0-234-gad7ace16ef (webtiles) character file.

Game seed: 8875261408805563795

196 qw the Shooter (level 5, -35/45 HPs)
             Began as a Minotaur Hexslinger on July 9, 2023.
             Annihilated by an ogre
             ... wielding a +0 giant club
              (36 damage)
             ... on level 4 of the Dungeon.
             The game lasted 00:01:07 (2992 turns).

qw the Shooter (Minotaur Hexslinger)                Turns: 2992, Time: 00:01:07

Health: -35/45     AC:  5    Str: 12    XL:     5   Next: 45%
Magic:  5/5        EV: 12    Int: 10    God:
Gold:   78         SH:  0    Dex: 15    Spells: 5/6 levels left

rFire   . . .        Y - +4 sling
rCold   . . .        (no shield)
rNeg    . . .        b - +2 leather armour {Will+}
rPois   .            (helmet restricted)
rElec   .            (no cloak)
rCorr   .            (no gloves)
SInv    .            (no boots)
Will    +....        (no amulet)
Stlth   +            (no ring)
HPRegen 0.27/turn    (no ring)
MPRegen 0.09/turn

%: no passive effects
@: no status effects
A: horns 2, retaliatory headbutt
a: no special abilities


You were on level 4 of the Dungeon.
You visited 1 branch of the dungeon, and saw 4 of its levels.

You collected 78 gold pieces.


Innate Abilities, Weirdness & Mutations

You have a pair of horns on your head.
You reflexively headbutt those who attack you in melee.


   Skills:
 - Level 3.0 Fighting
 + Level 5.3 Ranged Weapons
 - Level 2.1 Armour
 - Level 2.1 Dodging
 - Level 1.0 Spellcasting
 - Level 2.0 Hexes


You had 5 spell levels left.
You knew the following spells:

 Your Spells              Type           Power      Damage    Failure   Level
a - Slow                  Hex            16%        N/A       19%         1

Your spell library contained the following spells:

 Spells                   Type           Power      Damage    Failure   Level
 Inner Flame              Hex/Fire       2%         N/A       65%         3
 Portal Projectile        Hex/Tloc       4%         N/A       65%         3
 Cause Fear               Hex            2%         N/A       88%         4

Inventory:

Hand Weapons
 Y - a +4 sling (weapon)
Armour
 b - a +2 leather armour of willpower (worn)
Scrolls
 d - 2 scrolls of identify
Potions
 a - a potion of mutation {unknown}
 e - a potion of might {unknown}
 i - a potion of attraction {unknown}
 j - a potion of curing

Dungeon Overview and Level Annotations

Branches:
Dungeon (4/15)
 Temple: D:4-7

Altars:
Vehumet

Annotations:
D:4 2 runed translucent doors


Message History

Enter note:
Enter note:
Enter note: You shoot a sling bullet.
The sling bullet closely misses the ufetubus.
An ogre comes into view. It is wielding a +0 giant spiked club.
You shoot a sling bullet. The sling bullet hits the ufetubus.
The ufetubus is moderately wounded.
The ufetubus barely misses you. x2; The ufetubus hits you.
The ufetubus misses you.
You shoot a sling bullet. The sling bullet hits the ufetubus.
The ufetubus is almost dead.
The ufetubus hits you but does no damage.
The ufetubus hits you. x3
You shoot a sling bullet. The sling bullet hits the ufetubus.
You kill the ufetubus!
You shoot a sling bullet. The sling bullet hits the ogre.
The ogre is lightly wounded.
The ogre closely misses you.
You shoot a sling bullet. The sling bullet hits the ogre.
The ogre is lightly wounded.
The ogre hits you with a +0 giant club!!
Ouch! That really hurt!
The ogre barely misses you.
2989 ||| DRINKING potion of heal wounds.
You feel much better. The ogre misses you. You furiously retaliate!
You headbutt the ogre. You shoot a sling bullet.
The sling bullet barely misses the ogre.
The ogre completely misses you.
You shoot a sling bullet. The sling bullet hits the ogre!
The ogre is heavily wounded.
The ogre closely misses you.
The ogre hits you with a +0 giant spiked club!!
Ouch! That really hurt!
You shoot a sling bullet.
The sling bullet closely misses the ogre.
The ogre hits you with a +0 giant club!!!
Ouch! That really hurt!
You die...

.#
#..#......<.....#
.#
#.......#####...#
.# #.......#
##'## .#
#.......# #.# .#
#.......#
##'##### .#
#.......#
#......# .#
#..#'####
#......# .#
#..#.# #......#
#######.#
#@.....#
........#
#...!.OO#(#.#
#########
#.........(.(.
#.....#8(8(#.##
#......(.(.(((.
#.^...#.#().#.8
######.(....((
#(#....


You could see 2 ogres.

Vanquished Creatures
  A howler monkey (D:4)
  Jessica (D:2)
  5 adders
  An ufetubus (D:4)
  4 worms
  A dart slug (D:3)
  2 orcs (D:3)
  10 endoplasms
  3 giant cockroaches
  5 goblins
  4 hobgoblins (D:1)
  4 jackals (D:3)
  3 kobolds (D:1)
  6 quokkas
  4 ball pythons
  2 bats
  5 frilled lizards
  3 rats
64 creatures vanquished.

Notes
Turn   | Place    | Note
-------+----------+-------------------------------------------
     0 | D:1      | qw the Minotaur Hexslinger began the quest for the Orb.
     0 | D:1      | Reached XP level 1. HP: 16/16 MP: 1/1
     0 | D:1      | 0 ||| qw: Version: 0.3-a-51-g015441d
     0 | D:1      | 0 ||| qw: Game counter: 4061
     0 | D:1      | 0 ||| qw: Melee chars always use a shield: true
     0 | D:1      | 0 ||| qw: God list: Okawaru
     0 | D:1      | 0 ||| qw: Allow faded altars: false
     0 | D:1      | 0 ||| qw: Do Orc after clearing Dungeon:15 true
     0 | D:1      | 0 ||| qw: Do second Lair branch before Depths: true
     0 | D:1      | 0 ||| qw: Lair rune preference: random
     0 | D:1      | 0 ||| qw: Goals: Normal
     0 | D:1      | 0 ||| PLANNING D:1-11
    72 | D:1      | 72 ||| FLEEEEING.
    73 | D:1      | 73 ||| FLEEEEING.
    75 | D:1      | 75 ||| FLEEEEING.
    76 | D:1      | 76 ||| FLEEEEING.
    79 | D:1      | 79 ||| FLEEEEING.
    81 | D:1      | 81 ||| FLEEEEING.
    82 | D:1      | 82 ||| FLEEEEING.
    83 | D:1      | 83 ||| FLEEEEING.
    84 | D:1      | 84 ||| FLEEEEING.
    86 | D:1      | 86 ||| FLEEEEING.
    87 | D:1      | 87 ||| FLEEEEING.
    88 | D:1      | 88 ||| FLEEEEING.
    89 | D:1      | 89 ||| FLEEEEING.
    90 | D:1      | 90 ||| FLEEEEING.
    91 | D:1      | 91 ||| FLEEEEING.
    92 | D:1      | 92 ||| FLEEEEING.
    93 | D:1      | 93 ||| FLEEEEING.
    94 | D:1      | 94 ||| FLEEEEING.
    95 | D:1      | 95 ||| FLEEEEING.
    97 | D:1      | 97 ||| FLEEEEING.
    98 | D:1      | 98 ||| FLEEEEING.
    99 | D:1      | 99 ||| FLEEEEING.
   100 | D:1      | 100 ||| FLEEEEING.
   101 | D:1      | 101 ||| FLEEEEING.
   102 | D:1      | 102 ||| FLEEEEING.
   103 | D:1      | 103 ||| FLEEEEING.
   104 | D:1      | 104 ||| FLEEEEING.
   105 | D:1      | 105 ||| FLEEEEING.
   106 | D:1      | 106 ||| FLEEEEING.
   240 | D:1      | Reached skill level 3 in Ranged Weapons
   244 | D:1      | Reached XP level 2. HP: 23/23 MP: 2/2
   492 | D:1      | 492 ||| UPGRADING to +0 leather armour.
   502 | D:1      | 502 ||| DROPPING +0 robe.
   503 | D:1      | 503 ||| UPGRADING to +0 ring mail.
   513 | D:1      | 513 ||| DROPPING +0 leather armour.
   514 | D:1      | 514 ||| READING scroll labelled AKIFI SIELASS.
   515 | D:1      | 515 ||| READING scroll labelled HULELORUHE.
   520 | D:1      | 520 ||| READING scroll labelled ROIW MUDWALEAB.
   521 | D:1      | 521 ||| DROPPING scroll of poison.
   546 | D:2      | Reached XP level 3. HP: 21/29 MP: 3/3
   680 | D:2      | Reached skill level 4 in Ranged Weapons
   746 | D:2      | Noticed Jessica
   759 | D:2      | Killed Jessica
   760 | D:2      | Reached XP level 4. HP: 27/36 MP: 4/4
   938 | D:2      | Found a faded altar of an unknown god.
   997 | D:2      | 997 ||| SWAPPING to +4 sling.
   998 | D:2      | 998 ||| DROPPING +1 sling.
  1474 | D:2      | 1474 ||| READING scroll labelled PETEAM WECORCH.
  1475 | D:2      | 1475 ||| READING 2 scrolls labelled VIOJO SIUHUU.
  1476 | D:2      | 1476 ||| READING 3 scrolls labelled BIOVYR IZEA.
  1477 | D:2      | 1477 ||| READING 2 scrolls labelled NEM VYARECOKEN.
  1478 | D:2      | 1478 ||| READING scroll labelled EWNIXT OSKIA.
  1479 | D:2      | 1479 ||| DRINKING 2 fuming yellow potions.
  1480 | D:2      | 1480 ||| READING 2 scrolls of identify.
  1480 | D:2      | 1480 ||| IDENTIFYING orange potion
  1481 | D:2      | 1481 ||| DROPPING potion of lignification.
  1482 | D:2      | 1482 ||| DROPPING scroll of immolation.
  1483 | D:2      | 1483 ||| DROPPING scroll of noise.
  1733 | D:3      | Found a radiant altar of Vehumet.
  2304 | D:3      | 2304 ||| UPGRADING to +2 leather armour of willpower.
  2314 | D:3      | 2314 ||| DROPPING +0 ring mail.
  2315 | D:3      | 2315 ||| READING scroll labelled HYZULAELAKO.
  2316 | D:3      | 2316 ||| DRINKING 2 coppery potions.
  2350 | D:4      | Reached skill level 5 in Ranged Weapons
  2350 | D:4      | Reached XP level 5. HP: 40/41 MP: 5/5
  2858 | D:4      | Found a large runed translucent door.
  2872 | D:4      | Found a large runed translucent door.
  2972 | D:4      | Reached skill level 3 in Fighting
  2980 | D:4      | Found the +6 shillelagh "Devastator" {shatter}
  2982 | D:4      | Noticed an ogre
  2983 | D:4      | Noticed an ogre
  2988 | D:4      | HP: 8/45 [ogre/+0 giant club (24)]
  2989 | D:4      | 2989 ||| DRINKING potion of heal wounds.
  2991 | D:4      | HP: 1/45 [ogre/+0 giant spiked club (29)]
  2992 | D:4      | Annihilated by an ogre

Levels and vault maps discovered:
D:1:      evilmike_arrival_grusome_pit, layout_basic, st_stairs_14,
          minmay_misc_feat_x, moated_statue, minmay_tromino_v4_b
D:2:      layout_loops_ring, serial_aquarium, aquarium_bridge_square
          [aquarium_subvault_wall, aquarium_subvault_wall,
          aquarium_subvault_bridge, aquarium_subvault_window],
          aquarium_window_1, aquarium_window_corner, aquarium_window_fake,
          aquarium_window_corridor_1, aquarium_view_2d, aquarium_view_2e,
          aquarium_pool_1, basic_ecumenical_altar, kennysheep_jessica_study
D:3:      layout_basic, vehumet_crystals
D:4:      layout_basic, jmf_multi_god_temple2, dilly_guarded_unrand_devastator

Skill      XL: |  1  2  3  4  5 |
---------------+----------------+-----
Ranged Weapons | 3 4 5 |  5.3
Fighting       | 2 3 |  3.0
Armour         | 2 |  2.1
Dodging        | |  2.1
Spellcasting   | |  1.0
Hexes          | |  2.0

Action                     |  1- 3 |  4- 6 || total
---------------------------+-------+-------++-------
   Fire: Sling             |   102 |   104 ||   206
    Use: Scroll            |     3 |     7 ||    10
         Potion            |       |     3 ||     3
 Armour: Robe              |     5 |       ||     5
         Ring mail         |     9 |    13 ||    22
         Leather armour    |       |     2 ||     2
  Dodge: Dodged            |    25 |    34 ||    59

Table legend:
 A = Non-vault XP
 B = Vault XP
 C = Vault XP percentage of total XP
 D = Non-vault monster count
 E = Vault monster count
 F = Vault count percentage of total count
                 A         B        C        D         E       F
            +---------+---------+-------+---------+---------+-------
      Total |     235 |      45 |  16.1 |      59 |       5 |   7.8
            +---------+---------+-------+---------+---------+-------
        D:1 |      27 |       6 |  18.2 |      17 |       3 |  15.0
        D:2 |      62 |      39 |  38.6 |      12 |       2 |  14.3
        D:3 |      33 |       0 |   0.0 |      17 |       0 |   0.0
        D:4 |     113 |       0 |   0.0 |      13 |       0 |   0.0
            +---------+---------+-------+---------+---------+-------
